Cogmind - Beta 15 @@@ ROGUE MODE // 2025.05.07 @ 21:10:39 Player: Jason Result: Destroyed by G-34 Mercenary with Small Laser Performance ------------- Evolutions (0) 0 Regions Visited (1) 200 Robots Destroyed (12) 60 Value Destroyed (190) 190 Prototype IDs (2) 40 Alien Tech Used (0) 0 Bonus (0) 0 TOTAL SCORE: 490 Bonus ------- None Cogmind --------- Core Integrity 0/250 Matter 288/300 Energy 100/100 System Corruption 0% Temperature Cool (41) Movement Rolling (95) Ox1 Location -10/Materials Parts ------- > --- POWER (1) -------- (None) > --- PROPULSION (2) --- Wheel > --- UTILITY (2) ------ Medium Storage Unit > --- WEAPON (2) ------- Beam Rifle Assault Rifle > --- INVENTORY (10) --- Light Treads Aluminum Leg Medium Matter Pod (100) Medium Armor Plating Medium Armor Plating Peak State ------------ > --- POWER ------------ Light Ion Engine > --- PROPULSION ------- Aluminum Leg Aluminum Leg > --- UTILITY ---------- Medium Storage Unit Medium Armor Plating > --- WEAPON ----------- EM Pulse Gun EM Pulse Gun > --- INVENTORY -------- Light Ion Engine Light Treads Light Treads Wheel Compact Wheel Small Storage Unit Beam Rifle Beam Rifle Assault Rifle [Rating: 9] Favorites ----------- Power Light Ion Engine Engine Light Ion Engine Propulsion Aluminum Leg Treads Light Treads Leg Aluminum Leg Wheel Wheel Utility Medium Storage Unit Storage Medium Storage Unit Protection Light Armor Plating Weapon EM Pulse Gun Energy Gun EM Pulse Gun Ballistic Gun Assault Rifle Build | -11 -10 ------- Run | Yrd Mat Slots Evolved . | . . Power . | . . Propulsion . | . . Utility . | . . Weapon . | . . Parts Attached 17 | 7 10 Power 2 | 1 1 Engine 2 | 1 1 Core . | . . Reactor . | . . Propulsion 4 | 3 1 Treads 1 | . 1 Leg 2 | 2 . Wheel 1 | 1 . Hover . | . . Flight . | . . Utility 6 | 1 5 Device . | . . Storage 3 | 1 2 Processor . | . . Hackware . | . . Protection 3 | . 3 Artifact . | . . Weapon 5 | 2 3 Energy Gun 4 | 2 2 Energy Cannon . | . . Ballistic Gun 1 | . 1 Ballistic Cannon . | . . Launcher . | . . Special Weapon . | . . Impact Weapon . | . . Slashing Weapon . | . . Piercing Weapon . | . . Special Melee Weapon . | . . Unidentified Prototypes . | . . Parts Lost 8 | . 8 Power 2 | . 2 Propulsion 2 | . 2 Utility 1 | . 1 Weapon 3 | . 3 Highest Loss Streak 4 | . 4 To Critical Strikes . | . . Average Backups 7 | 4 8 Power . | . . Propulsion 2 | 2 2 Utility 2 | . 2 Weapon 1 | . 1 Tool/Special . | . . Unused Backups 4 | . 4 Power . | . . Propulsion 2 | . 2 Utility 2 | . 2 Weapon . | . . Tool/Special . | . . Average Slot Usage (%) 96 | . 96 Engine 13 | . 13 Treads 5 | . 5 Leg 18 | . 18 Wheel 3 | . 3 Storage 15 | . 15 Protection 10 | . 10 Energy Gun 23 | . 23 Ballistic Gun 4 | . 4 Peak Build Rating 9 | 6 9 Average Rating 7 | 5 8 On Entrance 3 | . 6 Naked Turns . | . . Heaviest Build 24 | 12 24 Greatest Support 20 | 20 20 Greatest Overweight (x) 2 | 1 2 Average Overweight (x) . | . . Largest Inventory Capacity 10 | 8 10 Average Capacity 9 | 7 9 Most Carried 10 | 6 10 Average Carried 7 | 4 8 Final Capacity 10 | 8 10 Final Carried 6 | 6 5 Class Distribution -------------------- 100% | Mutant Dominant Class ---------------- Mutant | -10/Materials Resources | -11 -10 ----------- Run | Yrd Mat Matter Collected 496 | 270 226 Remotely . | . . Salvage Created 484 | 100 384 Parts 31 | 4 27 Haulers Intercepted 1 | . 1 Recyclers Shooed 1 | . 1 Parts Field Recycled . | . . Retrieved Matter . | . . Parts Self-Destructed . | . . Prevented . | . . Kills | -11 -10 ------- Run | Yrd Mat Combat Hostiles Destroyed 6 | . 6 Guns 5 | . 5 AOE 1 | . 1 Classes Destroyed 6 | 2 4 Worker 2 | 1 1 Builder 1 | . 1 Hauler 1 | . 1 Recycler 2 | 1 1 Swarmer 2 | . 2 Grunt 4 | . 4 Best Kill Streak 5 | 1 5 Combat Bots Only 2 | . 2 Max Kills in Single Turn 2 | 1 2 Gunslinging . | . . Exploded 1 | . 1 Melee . | . . Uniques/NPCs Destroyed . | . . Combat | -11 -10 -------- Run | Yrd Mat Hostile Shots Fired 132 | . 132 Missed 35 | . 35 Hits 97 | . 97 Projectile 97 | . 97 Damage Taken 1119 | . 1119 Core 250 | . 250 Absorbed by Shields . | . . Core Remaining (%) 100 | 100 . Volleys Fired 48 | 4 44 Largest 2 | 2 2 Hottest 112 | 80 112 Shots Fired 80 | 8 72 Gun 80 | 8 72 Cannon . | . . Launcher . | . . Special . | . . Kinetic 13 | . 13 Thermal 21 | . 21 Explosive . | . . Electromagnetic 46 | 8 38 Robot Hit Streak 5 | 4 5 Robot Miss Streak 4 | 1 4 Penetration Max . | . . Secondary Targets 1 | . 1 Max Gunslinging Chain 1 | . 1 Shots Hit Robots 48 | 6 42 Core Hits 21 | 3 18 Critical Kills . | . . Critical Parts Destroyed . | . . Critical Strikes 3 | . 3 Burn 2 | . 2 Corrupt 1 | . 1 Melee Attacks . | . . Impact . | . . Slashing . | . . Piercing . | . . Sneak Attacks . | . . Combat Hostiles . | . . Follow-up Attacks . | . . Damage Inflicted 847 | 123 724 Guns 678 | 83 595 Cannons . | . . Explosions 169 | 40 129 Melee . | . . Ramming . | . . Kinetic 147 | . 147 Thermal 329 | 40 289 Explosive . | . . Electromagnetic 371 | 83 288 Impact . | . . Slashing . | . . Piercing . | . . Highest Corruption . | . . Average Corruption . | . . Corruption Purged . | . . Corruption Blocked . | . . Overload Shots . | . . Overflow Damage . | . . Projectiles . | . . Explosions . | . . Melee . | . . Knockbacks . | . . Impact . | . . Kinetic . | . . Secondary . | . . Self-Inflicted Damage . | . . Shots . | . . Rammed . | . . Targets Rammed . | . . Kicked . | . . Crushed . | . . Highest Temperature 384 | 36 384 Average Temperature 111 | 16 118 Received Heat Transfer 564 | . 564 Effects 5 | . 5 Energy Bleed 1 | . 1 Interference 4 | . 4 Siege Activations . | . . Martial Activations . | . . Shielding Activations . | . . Robots Disrupted . | . . Combat Hostiles . | . . Robots Corrupted . | . . Combat Hostiles . | . . Parts Fried 1 | . 1 Impact Corruptions . | . . Robots Melted . | . . Combat Hostiles . | . . Parts Melted 2 | . 2 Heat Transferred 705 | 50 655 Parts Sabotaged . | . . Parts Stolen . | . . Parts Stripped . | . . Power Chain Reactions 3 | 1 2 Alert | -11 -10 ------- Run | Yrd Mat Maximum Alert Level . | . . Low Security (%) 100 | 100 100 Level 1 . | . . Level 2 . | . . Level 3 . | . . Level 4 . | . . Level 5 . | . . High Security . | . . Max Security . | . . Peak Influence 109 | 5 109 Initial 3 | . 3 Average 35 | . 44 Influence Increases 296 | 10 286 Destroy 0b10 Robot/C 120 | . 120 Destroy 0b10 Robot/NC 30 | 10 20 Destroy Leader 42 | . 42 Successful Hack 7 | . 7 Destroy Structure 7 | . 7 Lose Combat Pursuer 90 | . 90 Influence Decreases 228 | 5 223 Entered New Map 2 | . 2 Time Decay 146 | 5 141 Lost Part 80 | . 80 Squads Dispatched 3 | . 3 Investigation 2 | . 2 Extermination . | . . Reinforcement 1 | . 1 Assault . | . . Garrison . | . . Intercept . | . . Searches Triggered . | . . Construction Impeded . | . . Haulers Reinforced . | . . Active Scanning Responses . | . . Cargo Convoy Interrupts . | . . Stealth | -11 -10 --------- Run | Yrd Mat Distress Signals 2 | . 2 Communications Jammed . | . . Distress Signals . | . . Times Spotted 17 | . 17 Peak Tracking Total 5 | . 5 Tactical Retreats 4 | . 4 Traps | -11 -10 ------- Run | Yrd Mat Traps Triggered 2 | . 2 Indirectly . | . . Trap Hack Attempts . | . . Triggered . | . . Disarmed . | . . Reprogrammed . | . . Reused . | . . Traps Extracted . | . . Installed . | . . Triggered . | . . Machines | -11 -10 ---------- Run | Yrd Mat Machines Disabled . | . . Max in Single Turn . | . . Machines Repaired . | . . Machines Dismantled . | . . Machines Sabotaged . | . . Overloaded Fab Kills . | . . Hacking | -11 -10 --------- Run | Yrd Mat Machines Accessed 2 | . 2 Terminals 2 | . 2 Fabricators . | . . Repair Stations . | . . Recycling Units . | . . Scanalyzers . | . . Garrison Access . | . . Total Hacks 8 | . 8 Successful 4 | . 4 Failed 4 | . 4 Catastrophic . | . . Database Lockouts . | . . Manual 5 | . 5 Terminals 8 | . 8 Fabricators . | . . Repair Stations . | . . Recycling Units . | . . Scanalyzers . | . . Garrison Access . | . . Terminal Hacks 3 | . 3 Prototype ID Bank 1 | . 1 Branch Access Points 1 | . 1 Dispatch Records 1 | . 1 Fabricator Hacks . | . . Repair Station Hacks . | . . Recycling Unit Hacks . | . . Scanalyzer . | . . Garrison Access Hacks . | . . Unauthorized Hacks 1 | . 1 Terminals 1 | . 1 Botnet 1 | . 1 Fabricators . | . . Repair Stations . | . . Recycling Units . | . . Scanalyzers . | . . Garrison Access . | . . Data Cores Recovered . | . . Used . | . . Hacking Detections 2 | . 2 Full Trace Events 1 | . 1 Feedback Events . | . . Feedback Blocked . | . . Robot Schematics Acquired . | . . Robots Built . | . . Authchips . | . . Time . | . . Total Robot Build Rating . | . . Part Schematics Acquired . | . . Parts Built . | . . Authchips . | . . Time . | . . Total Part Build Rating . | . . Parts Repaired . | . . Time . | . . Parts Recycled . | . . Recycled Matter . | . . Retrieved Matter . | . . Retrieved Components . | . . Parts Scanalyzed . | . . Part Schematics Acquired . | . . Parts Damaged . | . . Bothacking | -11 -10 ------------ Run | Yrd Mat Used RIF Installer . | . . Robots Hacked . | . . Non-combat . | . . Combat . | . . Robot Hacks Applied . | . . Relay Couplers Released . | . . Fabnet Peak Effective % . | . . Robots Rewired . | . . Allies Hacked . | . . Hacks Repelled . | . . Allies | -11 -10 -------- Run | Yrd Mat Total Allies . | . . Largest Group . | . . Highest-Rated Group . | . . Highest-Rated Ally . | . . Total Orders . | . . Ally Attacks . | . . Total Damage . | . . Kills . | . . Allies Corrupted . | . . Allies Melted . | . . Intel | -11 -10 ------- Run | Yrd Mat Active Infowar (turns) . | . . Robot Analysis Total . | . . Derelict Logs Recovered . | . . Drone Launches . | . . Drone Recoveries . | . . Exploration | -11 -10 ------------- Run | Yrd Mat Turns Passed 569 | 111 458 Spaces Moved 232 | 70 162 Core 15 | 15 . Treads 22 | . 22 Legs 194 | 55 139 Wheels 1 | . 1 Hover . | . . Flight . | . . Fastest Speed 50 | 50 95 Average Speed 151 | 119 165 Slowest Speed 260 | 190 260 Overloaded Moves . | . . Propulsion Burnouts . | . . Robots Hopped . | . . Potential Cave-ins . | . . Cave-ins Triggered . | . . Exploration Rate (%) 21 | 4 38 Regions Visited 1 Branch Regions . Pre-discovered Areas . | . . Known Exits Taken . | . . Unknown Exits Taken 1 | 1 . Scrap Searched . | . . Spaces Dug . | . . Terrain Destroyed 11 | 4 7 Melee . | . . Projectile . | . . AOE 11 | 4 7 Terrain Rammed . | . . Walls Destroyed . | . . Machines Disabled . | . . Actions | -11 -10 --------- Run | Yrd Mat Total 366 | 86 280 Wait 50 | . 50 Move 231 | 69 162 Hop . | . . Pick Up 12 | 5 7 Fast Attach 9 | 7 2 Attach 5 | . 5 Detach 2 | 1 1 Swap 5 | . 5 Drop 4 | . 4 Fire 48 | 4 44 Melee . | . . Ram . | . . Kick . | . . Crush . | . . Escape Stasis . | . . Rewire . | . . Trap . | . . Miscellaneous . | . . Route ------- -11/Scrapyard -10/Materials (discovered 4 exits: [*Mat] / *Min x2 / [*Sub]) History --------- Turn | Location | Event 32 | -11/Scrapyard | Discovered new exit (range 16) 112 | -11/Scrapyard | Entered Materials 117 | -10/Materials | Identified exit to Mines 235 | -10/Materials | Discovered new exit (range 16) 314 | -10/Materials | Build established: Mutant 400 | -10/Materials | Core integrity fell below 50% 429 | -10/Materials | Lost 4 parts (1p1n2w) 437 | -10/Materials | Core integrity fell below 20% 537 | -10/Materials | Discovered new exit (range 3) 570 | -10/Materials | Destroyed by G-34 Mercenary with Small Laser Last Messages --------------- 00550_ U-05 Engineer builds a Wall. 00552_ T-07 Excavator is excavating. 00554_ U-05 Engineer builds a Wall. 00556_ Overheating: System interference. 00556_ Beam Rifle temporarily disabled. 00556_ Lgt. Ion Engine destroyed. 00557_ T-07 Excavator is excavating. 00558_ U-05 Engineer lays Concrete. 00558_ Lgt. Armor Plating destroyed. 00560_ U-05 Engineer lays Concrete. 00561_ Lgt. Treads destroyed. 00561_ T-07 Excavator is excavating. 00561_ U-05 Engineer builds a Wall. 00566_ U-05 Engineer lays Concrete. 00567_ G-34 Mercenary heat spikes uncontrollably. 00567_ G-34 Mercenary overheating. 00567_ U-05 Engineer lays Concrete. 00568_ G-34 Mercenary overheating. 00568_ U-05 Engineer builds a Wall. 00568_ T-07 Excavator is excavating. Map ----- +----------------------------------------------------+ | | | | | ?????????????????????????????????????????????????? | | ?????????????????????????????????????????????????? | | ?????????????????????????????????????????????????? | | ?????????????????????????????????????????????????? | | ?????????????????????????????????????????????????? | | ?????????????????????????????????????????????????? | | ?????????????????????????????????????????????????? | | ?????????????????????????????????????????????????# | | ?????????????????????????????????????????????????# | | ?????????????????????????????????????????????????# | | ?????????????????????????????????????????????????# | | ?????????????????????????????????????????????????# | | ?????????????????????????????????????????????????# | | ?????????????????????????????????????????????????# | | ?????????????????????????????? ############+###### | | ?????????????????#??????????? | | ????????????????## ?????????? | | ???????????######! ????????? | | ?????????? ######################+###### | | ?????????? ! " [ +! #? | | ???????????????## ## ###############= ## | | ????????????????#????# g!| #????????# + | | ?????????? ?????????# !g%!t #????????# ## | | ?????????? ?????????# u @ #????????# % ## | | ?????????? ?????????###<#####????????# ## | | ?????????# #??????????##?????????????# #? | | ?????????# #?????????????????????????# #? | | ?????????# #???????????????????????#########/###? | | ?????????+ #???????????????????????# ## #??? | | ?????????# #???????????????????????# """ ## #??# | | ?????????# #??????########?????????# "T" ## #### | | ?????????# #??????#!![[! #?????????# ## | | ?????????# #??????#!! =#?????????# ## | | ?????????# #??????# ! #?######### ! + | | ?????????# #?????## ### ##+########### | | ?????##### ####### #???????? | | ?????# T > #???????? | | ?????# ^^ #???????? | | ?????# """ ###### ## #???????? | | ?????##### """ #????# "|" " ## #???????? | | ?????????# """ #????#""|"!""## #???????? | | ?????????# #????########## #???????? | | ?????????+ #?????????????# #???????? | | ?????????# """ """ #?????????????? ???????? | | ?????????# """ """ #?????????????? #??????? | | ?????????# """ """ #?????????????? #??????? | | ?????????# #?????????????? #??????? | | ?????????# #?????????????? #??????? | +----------------------------------------------------+ Best States ------------- Heat Dissipation 25 Energy Generation 10 Energy Capacity 125 Matter Stores 334 Matter Capacity 400 Sight Range 16 Terrain Scan Density 10 Armor Coverage 225 Evasion (%) 55 Recoil Reduction 1 Item Schematics ----------------- None Robot Schematics ------------------ None Fabricated ------------ Nothing Repaired ---------- Nothing Alien Tech Used ----------------- None Achievements -------------- None Challenges ------------ None Game ------ Seed ModifiedTransportSystem Manual? 0 Play Time 00:12:12 Cumulative 130.7 hours Start 2025.05.07 @ 21:00:22 End 2025.05.07 @ 21:10:39 Sessions 1 Manual Loads 0 Difficulty Rogue Special Mode None Game No. 99 Rogue 99 Adventurer 0 Explorer 0 Win Type - Total 0 Types 0/0/0/0/0/0/0/0/0/0 Lore% 38 Gallery% 46 Achievement% 40 Wizard Run 0 Options --------- Layout 2 ASCII 1 Keyboard 1 Movement Arrows Keybinds 0 Fullscreen 2 Font 20/All Caps Map View 64x51 Zoom Use 0% Tactical HUD 1 Map Filters NONE Filters NONE Steam 1 RUN: 4c63064a-c23a-45d6-96f3-c26b4404d962